AoeStats
← MurderHoles

Coastal Forest

510820066Analyzed
2v2 RM · 9h ago on Oct 2, 2026· 44m 11s· 4 players
Game mode
Random Map
Map size
Medium (4 player)
Population
200
Speed
Normal
Resources
Standard
Victory
Conquest
Starting age
Dark Age
Ending age
Imperial Age
RankedLock teamsTeams togetherTeam positionsShared explorationLock speedFull tech treeHidden civsTurbo modeCheats
Victory
Defeat
🇩🇪 Persians · Germany
1078
+15
🇩🇪 Mongols · Germany
1073
+15
🇺🇸 Varangians · United States
1053
-15
🇺🇸 Varangians · United States
1044
-15
MurderHoles
6:03 Loom
10:31 Feudal Age
15:10 Bloodlines
20:11 Castle Age
21:29 Double-Bit Axe
24:31 Husbandry
33:10 Squires
35:51 Bow Saw
35:39 Gambesons
SpacemanSpiff
2:53 Loom
13:58 Feudal Age
16:50 Town Watch
18:13 Fishing Lines
24:57 Castle Age
23:47 Gold Mining
24:11 Bloodlines
25:08 Scale Barding Armor
25:14 Forging
25:45 Wheelbarrow
26:15 Husbandry
28:10 Fletching
28:57 Gillnets
29:36 Double-Bit Axe
30:16 Hand Cart
30:27 Stone Mining
31:01 Light Cavalry
37:40 Elite Skirmisher
40:23 Padded Archer Armor
40:20 Bodkin Arrow
Josef_Hinterseer
7:56 Loom
10:51 Feudal Age
14:08 Double-Bit Axe
21:59 Fletching
22:10 Padded Archer Armor
24:47 Horse Collar
27:38 Man-at-Arms
32:33 Castle Age
32:08 Forging
33:51 Bodkin Arrow
34:13 Leather Archer Armor
34:34 Iron Casting
33:23 Crossbowman
33:29 Pikeman
34:43 Heavy Plow
37:01 Scale Barding Armor
39:27 Thumb Ring
Pumbaa Jr.
6:58 Loom
7:41 Loom
10:08 Feudal Age
11:31 Double-Bit Axe
13:59 Wheelbarrow
13:56 Horse Collar
16:06 Fishing Lines
18:17 Bloodlines
21:18 Castle Age
21:57 Medium Warships
24:57 Husbandry
24:56 Gold Mining
25:24 Fletching
26:06 Scale Barding Armor
28:02 Bodkin Arrow
28:28 Chain Barding Armor
32:32 Town Watch
36:51 Imperial Age
35:52 Forging
36:30 Cavalier
37:47 Plate Barding Armor
39:37 Heavy Plow
39:53 Hand Cart
40:46 Conscription
40:18 Savar
42:41 Iron Casting
42:16 Light Cavalry
Connection lost

Rejoining the realm…

Still unreachable

The connection could not be restored.

Session expired

The server has moved on; the page needs a fresh start.